Cogmind - Beta 14 @@@ ROGUE MODE // 2024.10.18 @ 21:02:24 Player: diglidot Result: Destroyed by G-47 Trooper with Particle Gun Performance ------------- Evolutions (2) 1000 Regions Visited (3) 600 Robots Destroyed (76) 380 Value Destroyed (1905) 1905 Prototype IDs (1) 20 Alien Tech Used (0) 0 Bonus (0) 0 TOTAL SCORE: 3905 Bonus ------- None Cogmind --------- Core Integrity 0/550 Matter 127/300 Energy 100/100 System Corruption 0% Temperature Cool (18) Movement Core (1350) Ox26 Location -8/Materials Parts ------- > --- POWER (1) -------- (None) > --- PROPULSION (3) --- (None) > --- UTILITY (4) ------ Huge Storage Unit Hacking Suite > --- WEAPON (3) ------- (None) > --- INVENTORY (25) --- Light Ion Engine Carbon-fiber Leg Heat Sink Cooling System Cooling System Cooling System Large Storage Unit Huge Storage Unit Advanced Weight Redist. System Power Shielding Utility Shielding Improved Utility Shielding Shield Generator High-powered Tractor Beam High-powered Tractor Beam Datajack Improved Datajack Peak State ------------ > --- POWER ------------ Deuterium Engine > --- PROPULSION ------- Light Treads Advanced Treads Advanced Treads > --- UTILITY ---------- Cooling System Huge Storage Unit Shield Generator Hacking Suite > --- WEAPON ----------- Minigun Minigun Minigun > --- INVENTORY -------- Ion Engine Light Ion Engine Heat Sink Cooling System Cooling System Cooling System Large Storage Unit Huge Storage Unit Advanced Weight Redist. System Power Shielding Utility Shielding Improved Utility Shielding Shield Generator High-powered Tractor Beam High-powered Tractor Beam Field Laser Datajack Improved Datajack Mining Laser Plasma Cutter [Rating: 30] Favorites ----------- Power Ion Engine Engine Ion Engine Power Core Light Nuclear Core Propulsion Advanced Treads Treads Advanced Treads Wheel Wheel Utility Huge Storage Unit Device Heat Sink Storage Huge Storage Unit Processor Targeting Computer Hackware Hacking Suite Protection Weapon Shielding Weapon Minigun Energy Gun Beam Rifle Energy Cannon Particle Cannon Ballistic Gun Minigun Special Weapon Plasma Cutter Build | -11 -10 -9 -8 ------- Run | Yrd Mat Mat Mat Slots Evolved 4 | . . 2 2 Power . | . . . . Propulsion 1 | . . . 1 Utility 2 | . . 2 . Weapon 1 | . . . 1 Parts Attached 64 | 6 17 28 13 Power 9 | 1 3 4 1 Engine 8 | 1 3 3 1 Core 1 | . . 1 . Reactor . | . . . . Propulsion 13 | 2 2 7 2 Treads 9 | . . 7 2 Leg . | . . . . Wheel 4 | 2 2 . . Hover . | . . . . Flight . | . . . . Utility 20 | 1 5 10 4 Device 13 | 1 3 6 3 Storage 1 | . 1 . . Processor 2 | . . 2 . Hackware 1 | . . . 1 Protection 3 | . 1 2 . Artifact . | . . . . Weapon 22 | 2 7 7 6 Energy Gun 7 | 2 3 . 2 Energy Cannon 4 | . 4 . . Ballistic Gun 9 | . . 7 2 Ballistic Cannon . | . . . . Launcher . | . . . . Special Weapon 2 | . . . 2 Impact Weapon . | . . . . Slashing Weapon . | . . . . Piercing Weapon . | . . . . Special Melee Weapon . | . . . . Unidentified Prototypes 1 | . 1 . . Parts Lost 18 | . 1 4 13 Power 3 | . . 2 1 Propulsion 4 | . . 1 3 Utility 3 | . . 1 2 Weapon 8 | . 1 . 7 Highest Loss Streak 6 | . 1 2 6 To Critical Strikes . | . . . . Average Slot Usage (%) 94 | . 99 94 87 Engine 8 | . 14 4 8 Core 2 | . . 5 . Treads 13 | . . 19 19 Wheel 9 | . 28 1 . Device 14 | . 15 12 17 Storage 10 | . 10 11 9 Processor 5 | . . 12 . Hackware 1 | . . . 8 Protection 3 | . 2 6 . Energy Gun 2 | . 4 1 2 Energy Cannon 7 | . 23 . . Ballistic Gun 13 | . . 19 21 Peak Build Rating 30 | 6 14 24 30 Average Rating 18 | 3 10 21 25 On Entrance 9 | . 6 12 20 Naked Turns . | . . . . Heaviest Build 102 | 6 94 94 102 Greatest Support 64 | 20 20 44 64 Greatest Overweight (x) 33 | . 4 31 33 Average Overweight (x) 3 | . 2 4 3 Largest Inventory Capacity 25 | 5 25 25 25 Average Capacity 22 | 5 19 25 25 Most Carried 25 | 2 25 25 20 Average Carried 17 | . 14 20 16 Final Capacity 25 | 5 25 25 25 Final Carried 24 | . 24 16 17 Class Distribution -------------------- 83% | Mutant 16% | Tank Dominant Class ---------------- Mutant | -10/Materials Mutant | -9/Materials Tank | -8/Materials Resources | -11 -10 -9 -8 ----------- Run | Yrd Mat Mat Mat Matter Collected 1265 | 260 150 633 222 Remotely 401 | . . 401 . Salvage Created 2677 | 57 747 1164 709 Parts 172 | 2 56 73 41 Haulers Intercepted 1 | . . . 1 Recyclers Shooed 3 | . 1 1 1 Parts Field Recycled . | . . . . Retrieved Matter . | . . . . Parts Self-Destructed . | . . . . Prevented . | . . . . Kills | -11 -10 -9 -8 ------- Run | Yrd Mat Mat Mat Combat Hostiles Destroyed 53 | 1 18 20 14 Guns 34 | 1 . 20 13 Cannons 19 | . 18 . 1 Classes Destroyed 10 | 2 4 3 1 Worker 12 | 1 5 4 2 Builder 2 | . . 1 1 Tunneler 1 | . 1 . . Hauler 1 | . . . 1 Recycler 2 | . . 2 . Operator 2 | . 1 1 . Watcher 3 | . 2 1 . Swarmer 10 | . 6 . 4 Grunt 36 | 1 12 17 6 Sentry 7 | . . 3 4 Best Kill Streak 8 | 2 5 5 8 Combat Bots Only 6 | 1 4 3 6 Max Kills in Single Turn 2 | 1 2 2 2 Gunslinging 1 | . . . 1 Exploded . | . . . . Melee . | . . . . Uniques/NPCs Destroyed . | . . . . Combat | -11 -10 -9 -8 -------- Run | Yrd Mat Mat Mat Hostile Shots Fired 338 | 4 51 122 161 Missed 81 | 1 9 29 42 Damage Taken 2925 | 31 402 1011 1481 Core 686 | 11 68 55 552 Absorbed by Shields 457 | . . 226 231 Redirected to Shielding 38 | . . 38 . Core Remaining (%) 83 | 95 68 86 . Volleys Fired 156 | 5 55 62 34 Largest 3 | 1 2 2 3 Hottest 188 | 40 136 112 188 Shots Fired 323 | 5 109 124 85 Gun 208 | 5 . 124 79 Cannon 109 | . 109 . . Launcher . | . . . . Special 6 | . . . 6 Kinetic 167 | . . 112 55 Thermal 156 | 5 109 12 30 Explosive . | . . . . Electromagnetic . | . . . . Robot Hit Streak 13 | 1 8 13 13 Robot Miss Streak 6 | 1 6 3 3 Penetration Max . | . . . . Secondary Targets 7 | . . 4 3 Max Gunslinging Chain 1 | . . 1 1 Shots Hit Robots 195 | 3 52 85 55 Core Hits 101 | 3 26 40 32 Critical Kills 1 | . 1 . . Critical Parts Destroyed . | . . . . Critical Strikes 1 | . 1 . . Meltdown 1 | . 1 . . Melee Attacks . | . . . . Impact . | . . . . Slashing . | . . . . Piercing . | . . . . Sneak Attacks . | . . . . Combat Hostiles . | . . . . Follow-up Attacks . | . . . . Damage Inflicted 3742 | 33 1186 1474 1049 Guns 2518 | 33 . 1470 1015 Cannons 1186 | . 1186 . . Explosions . | . . . . Melee . | . . . . Ramming 4 | . . 4 . Kinetic 2088 | . . 1383 705 Thermal 1650 | 33 1186 87 344 Explosive . | . . . . Electromagnetic . | . . . . Impact . | . . . . Slashing . | . . . . Piercing . | . . . . Highest Corruption . | . . . . Average Corruption . | . . . . Corruption Purged . | . . . . Corruption Blocked . | . . . . Overload Shots . | . . . . Overflow Damage 2 | . 2 . . Projectiles 2 | . 2 . . Explosions . | . . . . Melee . | . . . . Knockbacks . | . . . . Impact . | . . . . Kinetic . | . . . . Secondary . | . . . . Self-Inflicted Damage . | . . . . Shots . | . . . . Rammed 1 | . . 1 . Targets Rammed 1 | . . 1 . Kicked . | . . . . Crushed . | . . . . Highest Temperature 357 | 18 357 48 135 Average Temperature 62 | 11 92 12 41 Received Heat Transfer 1398 | 18 144 507 729 Siege Activations . | . . . . Robots Corrupted . | . . . . Combat Hostiles . | . . . . Parts Fried . | . . . . Impact Corruptions . | . . . . Robots Melted 1 | . 1 . . Combat Hostiles . | . . . . Parts Melted 2 | . 1 . 1 Heat Transferred 3182 | 75 2146 222 739 Parts Sabotaged . | . . . . Parts Stolen . | . . . . Parts Stripped . | . . . . Power Chain Reactions . | . . . . Alert | -11 -10 -9 -8 ------- Run | Yrd Mat Mat Mat Peak Influence 344 | 25 344 287 242 Initial 97 | . 16 97 67 Average 127 | 6 122 158 84 Maximum Alert Level 1 | . 1 1 1 Low Security (%) 81 | 100 72 79 97 Level 1 18 | . 27 20 2 Level 2 . | . . . . Level 3 . | . . . . Level 4 . | . . . . Level 5 . | . . . . High Security . | . . . . Max Security . | . . . . Squads Dispatched 13 | . 4 3 6 Investigation 4 | . 1 2 1 Extermination . | . . . . Reinforcement 5 | . 3 1 1 Assault 1 | . . . 1 Garrison 3 | . . . 3 Intercept . | . . . . Searches Triggered . | . . . . Construction Impeded . | . . . . Haulers Reinforced . | . . . . Active Scanning Responses . | . . . . Cargo Convoy Interrupts . | . . . . Stealth | -11 -10 -9 -8 --------- Run | Yrd Mat Mat Mat Distress Signals 6 | . 3 3 . Communications Jammed . | . . . . Distress Signals . | . . . . Times Spotted 77 | 1 24 29 23 Peak Tracking Total 5 | 1 3 4 5 Tactical Retreats 5 | . 2 3 . Traps | -11 -10 -9 -8 ------- Run | Yrd Mat Mat Mat Traps Triggered 6 | . . 4 2 Indirectly . | . . . . Trap Hack Attempts . | . . . . Triggered . | . . . . Disarmed . | . . . . Reprogrammed . | . . . . Reused . | . . . . Traps Extracted . | . . . . Installed . | . . . . Triggered . | . . . . Machines | -11 -10 -9 -8 ---------- Run | Yrd Mat Mat Mat Machines Disabled 1 | . . . 1 Max in Single Turn 1 | . . . 1 Garrison Access 1 | . . . 1 Machines Repaired . | . . . . Machines Dismantled . | . . . . Machines Sabotaged . | . . . . Overloaded Fab Kills . | . . . . Hacking | -11 -10 -9 -8 --------- Run | Yrd Mat Mat Mat Machines Accessed 11 | . 7 4 . Terminals 7 | . 5 2 . Fabricators . | . . . . Repair Stations . | . . . . Recycling Units 4 | . 2 2 . Scanalyzers . | . . . . Garrison Access . | . . . . Total Hacks 39 | . 29 10 . Successful 22 | . 15 7 . Failed 17 | . 14 3 . Catastrophic 1 | . 1 . . Database Lockouts . | . . . . Manual . | . . . . Terminals 31 | . 23 8 . Fabricators . | . . . . Repair Stations . | . . . . Recycling Units 8 | . 6 2 . Scanalyzers . | . . . . Garrison Access . | . . . . Terminal Hacks 17 | . 12 5 . Record 8 | . 5 3 . Alert Level 1 | . 1 . . Locate Traps 2 | . 1 1 . Dispatch Records 1 | . 1 . . Transport Status 1 | . 1 . . Zone Layout 4 | . 3 1 . Fabricator Hacks . | . . . . Repair Station Hacks . | . . . . Recycling Unit Hacks 5 | . 3 2 . Report Inventory 4 | . 2 2 . Retrieve Components 1 | . 1 . . Scanalyzer . | . . . . Garrison Access Hacks . | . . . . Unauthorized Hacks . | . . . . Terminals . | . . . . Fabricators . | . . . . Repair Stations . | . . . . Recycling Units . | . . . . Scanalyzers . | . . . . Garrison Access . | . . . . Data Cores Recovered . | . . . . Used . | . . . . Hacking Detections 8 | . 6 2 . Full Trace Events 4 | . 2 2 . Feedback Events . | . . . . Feedback Blocked . | . . . . Robot Schematics Acquired . | . . . . Robots Built . | . . . . Authchips . | . . . . Time . | . . . . Total Robot Build Rating . | . . . . Part Schematics Acquired . | . . . . Parts Built . | . . . . Authchips . | . . . . Time . | . . . . Total Part Build Rating . | . . . . Parts Repaired . | . . . . Time . | . . . . Parts Recycled . | . . . . Recycled Matter . | . . . . Retrieved Matter . | . . . . Retrieved Components 8 | . 8 . . Parts Scanalyzed . | . . . . Part Schematics Acquired . | . . . . Parts Damaged . | . . . . Bothacking | -11 -10 -9 -8 ------------ Run | Yrd Mat Mat Mat Used RIF Installer . | . . . . Robots Hacked . | . . . . Non-combat . | . . . . Combat . | . . . . Robot Hacks Applied . | . . . . Relay Couplers Released 2 | . . . 2 Machine Destruction 2 | . . . 2 Fabnet Peak Effective % . | . . . . Robots Rewired . | . . . . Allies Hacked . | . . . . Hacks Repelled . | . . . . Allies | -11 -10 -9 -8 -------- Run | Yrd Mat Mat Mat Total Allies . | . . . . Largest Group . | . . . . Highest-Rated Group . | . . . . Highest-Rated Ally . | . . . . Total Orders . | . . . . Ally Attacks . | . . . . Total Damage . | . . . . Kills . | . . . . Allies Corrupted . | . . . . Allies Melted . | . . . . Intel | -11 -10 -9 -8 ------- Run | Yrd Mat Mat Mat Robot Analysis Total . | . . . . Derelict Logs Recovered . | . . . . Drone Launches . | . . . . Drone Recoveries . | . . . . Exploration | -11 -10 -9 -8 ------------- Run | Yrd Mat Mat Mat Turns Passed 3886 | 74 1256 1686 870 Spaces Moved 1492 | 73 826 391 202 Core 74 | 20 12 31 11 Treads 501 | . . 310 191 Legs . | . . . . Wheels 917 | 53 814 50 . Hover . | . . . . Flight . | . . . . Fastest Speed 50 | 50 80 140 230 Average Speed 215 | 71 120 370 358 Slowest Speed 1700 | 80 250 1600 1700 Overloaded Moves . | . . . . Propulsion Burnouts . | . . . . Robots Hopped . | . . . . Cave-ins Triggered . | . . . . Exploration Rate (%) 43 | 5 96 50 22 Regions Visited 3 Branch Regions . Pre-discovered Areas . | . . . . Known Exits Taken . | . . . . Unknown Exits Taken 3 | 1 1 1 . Scrap Searched . | . . . . Spaces Dug . | . . . . Terrain Destroyed . | . . . . Melee . | . . . . Projectile . | . . . . AOE . | . . . . Terrain Rammed . | . . . . Walls Destroyed . | . . . . Machines Disabled . | . . . . Actions | -11 -10 -9 -8 --------- Run | Yrd Mat Mat Mat Total 1878 | 89 980 531 278 Wait 57 | . 26 14 17 Move 1489 | 72 825 390 202 Hop . | . . . . Pick Up 78 | 6 40 21 11 Fast Attach 2 | . 2 . . Attach 41 | 6 5 21 9 Detach 3 | . 1 2 . Swap 21 | . 10 7 4 Drop 30 | . 16 13 1 Fire 156 | 5 55 62 34 Melee . | . . . . Ram . | . . . . Kick . | . . . . Crush 1 | . . 1 . Escape Stasis . | . . . . Rewire . | . . . . Trap . | . . . . Miscellaneous . | . . . . Route ------- -11/Scrapyard -10/Materials (discovered 5 exits: *Mat x3 / [*Min] / [*Sub]) -9/Materials (discovered 2 exits: [*Mat] / [*Sto]) -8/Materials History --------- Turn | Location | Event 2 | -11/Scrapyard | Met Revision 17 49 | -11/Scrapyard | Discovered new exit (range 8) 75 | -11/Scrapyard | Entered Materials 272 | -10/Materials | Discovered new exit (range 8) 314 | -10/Materials | Discovered new exit (range 9) 331 | -10/Materials | Build established: Mutant 652 | -10/Materials | Discovered new exit (range 14) 850 | -10/Materials | Discovered new exit (range 3) 1317 | -10/Materials | Discovered new exit (range 8) 1331 | -10/Materials | Entered another Materials area 1331 | -9/Materials | Evolved 2 slots: Utility x2 1335 | -9/Materials | Discovered new exit (range 8) 2898 | -9/Materials | Discovered new exit (range 14) 3017 | -9/Materials | Entered another Materials area 3017 | -8/Materials | Evolved 2 slots: Propulsion x1, Weapon x1 3281 | -8/Materials | Build established: Tank 3844 | -8/Materials | Lost 3 parts (1n1u1w) 3876 | -8/Materials | Core integrity fell below 50% 3884 | -8/Materials | Core integrity fell below 20% 3887 | -8/Materials | Destroyed by G-47 Trooper with Particle Gun Last Messages --------------- I-25 Savior unfolds itself. R-06 Scavenger collects Lgt. Ion Engine. Lgt. Treads destroyed. R-06 Scavenger collects Lgt. Ion Engine. Critical hit (Burn: +37). U-05 Engineer destroyed. Acquired Carbon-fiber Leg. Field Laser destroyed. Deuterium Engine destroyed. Critical hit (Burn: +37). Minigun destroyed. L-31 Rogue destroyed. Hvy. Laser destroyed. Critical hit (Burn: +37). Cooling System destroyed. K-01 Serf collects debris. Critical hit (Burn: +37). K-01 Serf collects debris. Critical hit (Burn: +37). K-01 Serf collects debris. Map ----- +----------------------------------------------------+ | ??# """ # #######+### #??????????????????? | | ??# # ## # #??????????????????? | | #####+###### ## """ # #??????????????????? | | #?# #????# ## """ [# #??????????????????? | | " ### ###??# ## """ # ??????????????????? | | " # #??# ## # ?????????????????? | | " # * #??# ## """ # ????????????????? | | + ! #??# ## """ #######?????????????????? | | # [ !#??# ## """ #???????????????????????? | | !# #??# ## #???????????????????????? | | ## ##??# ###########???????????????????????? | | ## #???# #?????????????????????????????????? | | #### #???# #?????????????????????????????????? | | ???# #???# #???????????"?????????????????????? | | ???# #???# #???????????""????????????????????? | | ???# #???# #??????????? ????? #????????????? | | #### #???# ############+##### #????????????? | | [ # #???# a [[/ #????????????? | | # #???# [// #????????????? | | "" # #???# """ [//[% #????????????? | | "" + #???# """"" * [=%*=%!#???????????????????? | | "" # #???# """""|% !%=**#???????????????????? | | "" # ##### """""!= "!"!*#???????????????????? | | "" # % " *%==G"= ###########?????????? | | # = !!!!!![* g %! ????????? | | #### %=% !%! @% gi k ????????? | | ???# %k=%= !!* !%=g % ????????? | | ???######## #############+### !! ????????? | | ??????????# ##????????????? ?? !! ?????????? | | ??????????# #????????????????#????????????????? | | ??????????# #?????????????????????????????????? | | ??????????# +?????????????????????????????????? | | ??????????# #?????????????????????????????????? | | ??????????# #?????????????????????????????????? | | ??????????# #?????????????????????????????????? | | ?????????? #?????????????????????????????????? | | ????????? #?????????????????????????????????? | | ????????? #?????????????????????????????????? | | ????????? ##?????????????????????????????????? | | ?????????## #??????????????????????????????????? | | ??????????# ???????????????????????????????????? | | ??????????? ???????????????????????????????????? | | ?????????????????????????????????????????????????? | | ?????????????????????????????????????????????????? | | ?????????????????????????????????????????????????? | | ?????????????????????????????????????????????????? | | ?????????????????????????????????????????????????? | | ?????????????????????????????????????????????????? | | ?????????????????????????????????????????????????? | | ?????????????????????????????????????????????????? | +----------------------------------------------------+ Best States ------------- Heat Dissipation 53 Energy Generation 14 Energy Capacity 275 Matter Stores 300 Matter Capacity 300 Sight Range 16 Terrain Scan Range 14 Terrain Scan Density 10 Power Shielding 33 Weapon Shielding 33 Evasion (%) 50 Targeting Accuracy 11 Recoil Reduction 3 Offensive Hacking 10 Item Schematics ----------------- None Robot Schematics ------------------ None Fabricated ------------ Nothing Alien Tech Used ----------------- None Achievements -------------- It's Just You Use The Force Challenges ------------ None Game ------ Seed GrapheneSapperDerivative Manual? 0 Play Time 00:44:31 Cumulative 1.8 hours Start 2024.10.18 @ 20:18:09 End 2024.10.18 @ 21:02:24 Sessions 1 Manual Loads 0 Difficulty Rogue Special Mode None Game No. 3 Rogue 3 Adventurer 0 Explorer 0 Win Type - Total 0 Types 0/0/0/0/0/0/0/0/0 Lore% 1 Gallery% 4 Achievement% 5 Wizard Run 0 Options --------- Layout 1 ASCII 0 Keyboard 0 Movement Mouse Keybinds 0 Fullscreen 1 Font 24/Smallcaps Map View 50x35 Zoom Use 0% Tactical HUD 0 Map Filters NONE Filters NONE Steam 1 RUN: b65f9abe-b5f9-40ed-984d-6f659cf8ae2a